 Dungeon Crawl Stone Soup version 0.28.0-49-g6dfe1f597d (webtiles) character file.

Game seed: 12306311734286911086

3400 pkoi the Martial Artist (level 9, -1/67 HPs)
             Began as a Demigod Gladiator on May 16, 2022.
             Slain by an orc sorcerer
             ... wielding a +0 dagger
              (4 damage)
             ... on level 2 of the Abyss.
             The game lasted 00:13:43 (14545 turns).

pkoi the Martial Artist (Demigod Gladiator)        Turns: 14545, Time: 00:13:44

Health: -1/67      AC: 12    Str: 18 (19) XL:     9   Next: 47%
Magic:  11/11      EV: 14    Int: 12 (14) God:
Gold:   290        SH:  0    Dex: 24 (25) Spells: 8/8 levels left

rFire   . . .      SeeInvis .     - Unarmed
rCold   . . .      Faith    .   (no shield)
rNeg    + + .      Spirit   .   G - +1 scale mail "Tauhe" {rN++ Slay+2}
rPois   +          Reflect  .   b - +1 helmet
rElec   .          Harm     .   a - +0 cloak
rCorr   .          Rampage  .   (no gloves)
Will    .....                   (no boots)
Stlth   +.........              (no amulet)
HPRegen 0.21/turn               i - ring of poison resistance
MPRegen 0.12/turn               r - +6 ring of dexterity

@: no status effects
A: high MP 1, forlorn, divine attributes, claws 1, talons 1, deterioration 1
a: no special abilities


You were on level 2 of the Abyss.
You visited 1 branch of the dungeon, and saw 9 of its levels.
You visited the Abyss 1 time.

You collected 420 gold pieces.
You spent 130 gold pieces at shops.

Inventory:

Hand Weapons
 d - a +4 whip of distortion
 e - a +1 whip of flaming
 f - a +0 trident
 g - a +0 dagger of chaos
 k - a +1 dire flail of venom
 l - a +1 dagger
Missiles
 c - 5 throwing nets
 n - 13 poisoned darts
 E - 10 boomerangs
Armour
 a - a +0 cloak (worn)
 b - a +1 helmet (worn)
 t - an orb of wrath
 G - the +1 scale mail "Tauhe" (worn) {rN++ Slay+2}
   (You took it off an orc on level 3 of the Dungeon)

   Slay:      It affects your accuracy & damage with ranged weapons and melee
   (+2).
   rN:        It greatly protects you from negative energy.
Magical Staves
 h - a staff of conjuration
Jewellery
 i - a ring of poison resistance (left claw)
 q - a ring of flight
 r - a +6 ring of dexterity (right claw)
 v - a ring of positive energy
 y - a ring of fire
Wands
 p - a wand of flame (31) (quivered)
 w - a wand of mindburst (13)
 z - a wand of iceblast (26)
 C - a wand of paralysis (7)
Scrolls
 o - 2 scrolls of teleportation
 x - 4 scrolls of identify
 A - a scroll of noise {unknown}
 D - a scroll of amnesia
Potions
 j - 2 potions of resistance
 m - 2 potions of flight
 B - 2 potions of heal wounds


   Skills:
 - Level 1.7 Fighting
 - Level 1.7 Throwing
 + Level 6.0 Armour
 + Level 5.7 Dodging
 * Level 8.8 Unarmed Combat
 + Level 5.2 Evocations


You had 8 spell levels left.
You didn't know any spells.
Your spell library contained the following spells:

 Spells                   Type           Power      Damage    Failure   Level
 Scorch                   Fire           0%         2d5       82%         2
 Gell's Gravitas          Tloc           0%         N/A       96%         3
 Lesser Beckoning         Tloc           0%         N/A       96%         3
 Teleport Other           Tloc           0%         N/A       96%         3
 Animate Dead             Necr           0%         N/A       100%        4
 Flame Wave               Conj/Fire      0%         2d4       100%        4
 Borgnjor's Vile Clutch   Necr/Erth      0%         N/A       100%        5
 Death Channel            Necr           0%         N/A       100%        6
 Dispersal                Tloc           0%         N/A       100%        6
 Summon Cactus Giant      Summ           0%         N/A       100%        6


Dungeon Overview and Level Annotations

Branches:
Dungeon (9/15)             Temple (0/1) D:5
   Lair: D:8-11         Orc: D:9-12

Shops:
D:7 !

Portals:
Abyss: D:4

Annotations:
D:9 2 runed translucent doors, Erolcha; pkoi's ghost, novice DgGl


Innate Abilities, Weirdness & Mutations

You have an increased reservoir of magic. (+10% MP)
You shall have no god before yourself.
Your divine heritage dramatically boosts your attributes as you level up.
You have sharp fingernails.
You have sharp toenails.
Your body sometimes deteriorates upon taking damage.


Message History

* * * LOW HITPOINT WARNING * * *
The raiju shocks you!
* * * LOW HITPOINT WARNING * * *
Your body deteriorates!
You feel weakened.
You barely miss the raiju. You claw the raiju.
You kill the raiju!
That felt strangely unrewarding.
The fire bat closely misses you.
The small abomination barely misses you.
Unknown command.
You scratch the small abomination.
You claw the small abomination, but do no damage.
The small abomination is lightly damaged.
The fire bat barely misses you. The small abomination misses you.
The orc sorcerer mumbles some strange words.
A tentacled starspawn comes into view.
Unknown command.
You closely miss the small abomination.
You claw the small abomination, but do no damage.
Your claw misses the small abomination.
The small abomination is lightly damaged.
The fire bat bites you but does no damage.
An apocalypse crab comes into view.
The small abomination barely misses you.
You claw the small abomination!
You claw the small abomination, but do no damage.
The small abomination is heavily damaged.
The fire bat bites you but does no damage.
The small abomination hits you but does no damage.
A neqoxec comes into view.
Unknown command.
The neqoxec shouts!
You scratch the orc sorcerer.
You claw the orc sorcerer, but do no damage.
The orc sorcerer is lightly wounded.
The fire bat misses you. The small abomination hits you!
* * * LOW HITPOINT WARNING * * *
Your body deteriorates!
You feel clumsy.
The ynoxinul gestures.
The orc sorcerer hits you with a +0 dagger.
You die...

.###.. 3.#. . .#.
.tX.. . . #55. .
# #3. ..# ##.##
#.# ##..x## .. #
#...o@#...♣ ♣♣
....♣♣♣♣♣b..♣♣...
. ♣♣.....♣♣...♣ ♣
. ....♣♣.# ♣
♣...........♣...♣
♣.. . ♣..... ..♣
♣...........♣ ..♣
♣. . .....♣♣...♣
♣. ♣......♣♣. ..
♣


You could see a tentacled starspawn, an apocalypse crab, a neqoxec, a ynoxinul
(summoned), an orc sorcerer, a small abomination, a fire bat and 2 ufetubi.

Vanquished Creatures
  Pikel (D:4)
  An ancient zyme (Abyss:2)
  A troll (D:9)
  A raiju (Abyss:2)
  A steam dragon (D:7)
  A large abomination (Abyss:2)
  Edmund (D:6)
  An acid dragon (D:8)
  2 water moccasins
  A hornet zombie (D:5)
  A sky beast (D:5)
  A necrophage (D:8)
  2 centaurs
  A small abomination (D:4)
  A bullfrog (D:6)
  3 scorpions
  A wyvern zombie (D:4)
  4 killer bees
  4 wights (D:8)
  5 crimson imps
  A bullfrog zombie (D:6)
  4 centaur zombies
  A hound (D:5)
  An orc priest (D:4)
  A jelly (Abyss:2)
  2 gnoll shamans (D:8)
  Jessica (D:3)
  4 iguanas
  3 orc wizards
  2 killer bee zombies
  A hound zombie (D:5)
  The ghost of Spectrina the Ducker, a weakling DEMo (D:3)
  Robin (D:3)
  6 adders
  8 gnolls (D:8)
  A shadow imp (D:6)
  2 white imps
  An ufetubus (D:4)
  A worm (D:2)
  The ghost of WaxSun the Sneak, a weakling HuDe of Zin (D:4)
  2 dart slugs
  17 orcs
  2 bats (D:2)
  2 endoplasms
  4 giant cockroaches
  10 goblins
  7 hobgoblins
  7 jackals
  4 kobolds
  A quokka (D:5)
  7 ball pythons
  10 frilled lizards
  4 rats
154 creatures vanquished.

Vanquished Creatures (others)
  2 plants (D:5)
2 creatures vanquished.

Grand Total: 156 creatures vanquished

Notes
Turn   | Place    | Note
-------+----------+-------------------------------------------
     0 | D:1      | pkoi the Demigod Gladiator began the quest for the Orb.
     0 | D:1      | Reached XP level 1. HP: 17/17 MP: 3/3
   356 | D:1      | Reached skill level 3 in Unarmed Combat
   537 | D:1      | Reached XP level 2. HP: 24/24 MP: 4/4
   983 | D:1      | Reached skill level 1 in Armour
  1682 | D:2      | Reached XP level 3. HP: 29/29 MP: 5/5
  2334 | D:3      | Noticed Robin
  2873 | D:3      | Killed Robin
  2874 | D:3      | Reached skill level 4 in Unarmed Combat
  3442 | D:3      | Found a runed translucent gate.
  3523 | D:3      | Identified the +1 scale mail "Tauhe" {rN++ Slay+2}
  3524 | D:3      | Found a runed translucent gate.
  3525 | D:3      | Found a runed translucent gate.
  3525 | D:3      | Noticed Spectrina's ghost (weakling DEMo)
  3620 | D:3      | Noticed Jessica
  3642 | D:3      | Killed Jessica
  3643 | D:3      | Reached XP level 4. HP: 18/36 MP: 6/6
  4497 | D:4      | Gained mutation: Your body sometimes deteriorates upon
                  | taking damage. [potion of mutation]
  4497 | D:4      | Gained mutation: You have sharp toenails. [potion of
                  | mutation]
  4497 | D:4      | Gained mutation: You have sharp fingernails. [potion of
                  | mutation]
  4846 | D:4      | Reached skill level 1 in Evocations
  4856 | D:4      | Reached XP level 5. HP: 39/41 MP: 7/7
  4997 | D:4      | Found a transporter.
  5045 | D:4      | Noticed a small abomination
  5052 | D:4      | Found a transporter.
  5254 | D:4      | Found a one-way gate to the infinite horrors of the Abyss.
  5254 | D:4      | Noticed WaxSun's ghost (weakling HuDe)
  5287 | D:4      | Reached skill level 5 in Unarmed Combat
  5287 | D:4      | Reached XP level 6. HP: 23/48 MP: 8/8
  5516 | D:5      | Entered Level 5 of the Dungeon
  5813 | D:5      | Reached XP level 7. HP: 16/53 MP: 9/9
  6042 | D:5      | Noticed Pikel
  6077 | D:4      | Killed Pikel
  6078 | D:4      | Reached skill level 6 in Unarmed Combat
  6681 | D:5      | Reached XP level 8. HP: 34/60 MP: 10/10
  7020 | D:5      | Found a staircase to the Ecumenical Temple.
  7089 | D:5      | Reached skill level 5 in Armour
  8464 | D:6      | Reached skill level 7 in Unarmed Combat
  8758 | D:6      | Noticed Edmund
  8799 | D:6      | Killed Edmund
 10398 | D:7      | Found Fecsyumo's Distillery.
 10406 | D:7      | Bought 2 potions of heal wounds for 130 gold pieces
 10679 | D:8      | Reached skill level 5 in Dodging
 10679 | D:8      | Reached XP level 9. HP: 67/67 MP: 11/11
 10873 | D:8      | Reached skill level 8 in Unarmed Combat
 12523 | D:9      | Reached skill level 5 in Evocations
 12930 | D:3      | Killed Spectrina's ghost
 13105 | D:4      | Killed WaxSun's ghost
 13639 | D:9      | Noticed pkoi's ghost (novice DgGl)
 13644 | D:9      | Found a runed translucent gate.
 13644 | D:9      | Found a runed translucent gate.
 13657 | D:9      | Noticed Erolcha
 14307 | D:9      | Cast into level 2 of the Abyss (Erolcha)
 14359 | Abyss:2  | Noticed an ancient zyme
 14392 | Abyss:2  | Killed an ancient zyme
 14518 | Abyss:2  | Noticed an apocalypse crab
 14535 | Abyss:2  | Noticed an orc sorcerer
 14542 | Abyss:2  | Noticed a tentacled starspawn
 14543 | Abyss:2  | Noticed an apocalypse crab
 14545 | Abyss:2  | HP: 3/67 [small abomination (10)]
 14545 | Abyss:2  | Slain by an orc sorcerer

Illustrated notes

Levels and vault maps discovered:
D:1:      dpeg_chamrin_arrival_tetris, layout_loops_ring,
          ebering_ecumenical_altar_petrified, serial_glass, glass_columns_b,
          glass_columns_b, glass_columns_a, glass_columns_a, glass_columns_b,
          glass_columns_a
D:2:      layout_basic
D:3:      layout_basic, mainiacjoe_overflow_six_doors_small,
          trog_butcher_becter, biasface_ghost_orc_armoury, uniq_robin,
          uniq_jessica
D:4:      layout_rooms, zin_treasury, led_xom_imps,
          gammafunk_ghost_abyssal_escape, minivault_26, kennysheep_cross_room,
          nicolae_concentric_dashed_squares_mild
D:5:      cheibrodos_helix_gallery, layout_gridville,
          mainiacjoe_overflow_cross_hatched, minmay_temple_entry_overgrown,
          minmay_misc_feat_doors, kennysheep_generic_room_15, uniq_pikel
D:6:      layout_basic, uniq_edmund
D:7:      layout_cave_pools, serial_shops, shop
D:8:      layout_basic, kennysheep_little_box, roderic_lattice_a
D:9:      layout_irregular_city, elyvilon_altar_1, gammafunk_ghost_split,
          serial_column_ruins, column_ruins_hut, column_ruins_courtyard_long,
          column_ruins_open_large, column_ruins_grid_2, column_ruins_grid_1,
          minmay_fire_ice_demons, uniq_erolcha
Abyss:2:  base: Temple, minivault_1, evilmike_abyss_exit_11,
          evilmike_abyss_exit_11

Skill      XL: |  1  2  3  4  5  6  7  8  9 |
---------------+----------------------------+-----
Unarmed Combat | 3 4 5 6 7 8 |  8.8
Armour         | 1 2 3 4 6 |  6.0
Evocations     | 1 2 3 4 5 |  5.2
Dodging        | 3 5 |  5.7
Fighting       | |  1.7
Throwing       | |  1.7

Action                   |  1- 3 |  4- 6 |  7- 9 || total
-------------------------+-------+-------+-------++-------
Melee: Unarmed           |   167 |    89 |   318 ||   574
       Punch             |     2 |     3 |    20 ||    25
       Kick              |       |    22 |   122 ||   144
Evoke: Wand              |       |       |    19 ||    19
  Use: Scroll            |     6 |     5 |     1 ||    12
       Potion            |       |     5 |     2 ||     7
Armor: Scale mail        |    62 |    26 |   122 ||   210
       Troll leather arm |       |       |     1 ||     1
Dodge: Dodged            |    72 |    32 |   204 ||   308
